 Dungeon Crawl Stone Soup version 0.30.1-9-gdf580d7c3d (webtiles) character file.

Game seed: 2837202914412089860

10130 Cheops the Gelid (level 11, -5/84 HPs)
             Began as a Naga Ice Elementalist on Oct 20, 2023.
             Was a Believer of Cheibriados.
             Slain by a troll (6 damage)
             ... on level 11 of the Dungeon.
             The game lasted 00:40:58 (15938 turns).

Cheops the Gelid (Naga Ice Elementalist)           Turns: 15938, Time: 00:40:58

Health: -5/84      AC: 13    Str: 15    XL:     11   Next: 57%
Magic:  11/16      EV:  8    Int: 24    God:    Cheibriados [**....]
Gold:   256        SH:  0    Dex: 15    Spells: 5/16 levels left

rFire   x . .        a - +5 rapier (venom)
rCold   + . .        L - orb {*channel}
rNeg    . . .        H - +0 steam dragon scales
rPois   +            C - +1 hat
rElec   .            (no cloak)
rCorr   .            (no gloves)
SInv    +            q - +2 barding
Will    +....        (no amulet)
Stlth   ++           F - ring of wizardry
HPRegen 0.34/turn    f - ring of ice
MPRegen 0.15/turn

%: wizardry (x1), channel magic (20%)
@: very slow
A: AC +3, large, see invisible, deformed body, poison resistance, slowness 2,
spit poison 1, naga tail 1
a: Spit Poison, Renounce Religion, Bend Time


You were on level 11 of the Dungeon.
You worshipped Cheibriados.
Cheibriados was pleased with you.
You visited 2 branches of the dungeon, and saw 12 of its levels.
You also visited: Sewer and Ossuary.

You collected 527 gold pieces.
You spent 271 gold pieces at shops.

Inventory:

Hand Weapons
 a - a +5 rapier of venom (weapon)
 b - a +1 dagger of flaming
 c - a +4 scimitar of flaming
Missiles
 A - 2 throwing nets
 R - 36 stones
Armour
 q - a +2 barding (worn)
 C - a +1 hat (worn)
 H - +0 steam dragon scales (worn)
 L - an orb of energy (worn)
 O - the +0 ring mail of Insecurity {Int+3}
   (You found it on level 8 of the Dungeon)

   Int:       It affects your intelligence (+3).
Jewellery
 d - an amulet of magic regeneration
 f - a ring of ice (right hand)
 o - a ring of flight
 F - a ring of wizardry (left hand)
 M - a ring of willpower
Wands
 z - a wand of roots (4)
 I - a wand of charming (15)
 K - a wand of mindburst (12)
Scrolls
 g - 11 scrolls of teleportation
 i - a scroll of silence
 n - a scroll of torment
 p - a scroll of fog
 u - a scroll of enchant weapon
 w - 3 scrolls of amnesia
 y - a scroll of immolation
 B - 3 scrolls of blinking
 G - a scroll of magic mapping
 Q - a scroll of fear
Potions
 h - 2 potions of attraction
 k - 12 potions of curing
 l - a potion of invisibility
 m - 3 potions of resistance {unknown}
 r - a potion of magic
 s - 3 potions of brilliance {unknown}
 t - 3 potions of lignification {unknown}
 v - 3 potions of ambrosia {unknown}
 x - a potion of berserk rage {unknown}
 D - 3 potions of flight {unknown}
 E - 2 potions of might {unknown}
 S - a potion of mutation
Miscellaneous
 e - a phantom mirror


   Skills:
 - Level 1.1 Fighting
 - Level 5.0 Short Blades
 - Level 1.5 Dodging
 - Level 3.0 Stealth
 - Level 3.0 Spellcasting
 - Level 5.0 Summonings
 - Level 15.0 Ice Magic
 - Level 7.0 Invocations
 + Level 1.4 Evocations


You had 5 spell levels left.
You knew the following spells:

 Your Spells              Type           Power      Damage    Failure   Level
a - Freeze                Ice            100%       1d10      1%          1
r - Frozen Ramparts       Ice            100%       1d16      1%          3
A - Ozocubu's Armour      Ice            85%        N/A       1%          3
I - Summon Ice Beast      Ice/Summ       67%        N/A       3%          4

Your spell library contained the following spells:

 Spells                   Type           Power      Damage    Failure   Level
 Summon Small Mammal      Summ           100%       N/A       2%          1
 Apportation              Tloc           6%         N/A       11%         1
 Necrotise                Necr           12%        1d4       11%         1
 Sublimation of Blood     Necr           3%         N/A       14%         2
 Petrify                  Tmut/Erth      3%         N/A       54%         4
 Irradiate                Conj/Tmut      1%         3d12      85%         5


Dungeon Overview and Level Annotations

Branches:
Dungeon (11/15)            Temple (1/1) D:5            Lair (0/5) D:8
    Orc (0/2) D:11          Sewer (visited)         Ossuary (visited)

Altars:
Ashenzari
Cheibriados
Dithmenos
Elyvilon
Fedhas
Gozag
Hepliaklqana
Kikubaaqudgha
Makhleb
Nemelex Xobeh
Okawaru
Qazlal
Ru
Sif Muna
Trog
Uskayaw
Vehumet
Wu Jian
Xom
Yredelemnul
Zin
The Shining One

Shops:
D:9 *   D:10 :   D:11 (


Innate Abilities, Weirdness & Mutations

Your serpentine skin is tough. (AC +3)
You have supernaturally acute eyesight. (SInv)
Armour fits poorly on your strangely shaped body.
Your system is resistant to poisons. (rPois)
You cover ground very slowly.
You can spit poison.
You have a snake-like lower body.


Message History

The troll bites you.
* * * LOW HITPOINT WARNING * * *
The troll claws you.
* * * LOW HITPOINT WARNING * * *
The troll claws you.
* * * LOW HITPOINT WARNING * * *
Casting: Freeze (safe; 1% risk of failure)
Confirm with . or Enter, or press ? or * to list all spells.
Aiming: Freeze (safe; 1% risk of failure)
Press: ? - help, Shift-Dir - straight line, f - troll
Aim: a troll You feel a surge of power!
You freeze the troll.
The troll is lightly wounded.
The troll bites you.
* * * LOW HITPOINT WARNING * * *
The troll claws you but does no damage. The troll claws you.
* * * LOW HITPOINT WARNING * * *
Casting: Freeze (safe; 1% risk of failure)
Confirm with . or Enter, or press ? or * to list all spells.
Aiming: Freeze (safe; 1% risk of failure)
Press: ? - help, Shift-Dir - straight line, f/p - troll
Aim: a troll (lightly wounded)
You feel a surge of power!
You freeze the troll!
The troll is moderately wounded.
A nearby plant withers and dies.
The troll bites you.
* * * LOW HITPOINT WARNING * * *
The troll claws you.
* * * LOW HITPOINT WARNING * * *
The troll closely misses you.
Casting: Freeze (safe; 1% risk of failure)
Confirm with . or Enter, or press ? or * to list all spells.
Aiming: Freeze (safe; 1% risk of failure)
Press: ? - help, Shift-Dir - straight line, f/p - troll
Aim: a troll (lightly wounded)
You feel a surge of power!
You freeze the troll!
The troll is heavily wounded.
The troll barely misses you. The troll claws you.
* * * LOW HITPOINT WARNING * * *
The troll claws you.
You die...

.......##
♣....................#
.####.......♣..P..P#.##
## #....[.♣~~~~~~~~..#
P# #.....P~~.~~~~~...#
## #......~~.≈≈≈~.~~♣#
.# ##.....P~~~~~≈~~~~.#
......####.P~~P~T~~♣..#
####..# #..P.~~@~~~.#
##..# ###..P...♣..#
#...# #.........# #.>.#
##........# ###.([#
##....####
#...<.########....#
....).............#
..######..........# ###
#..........#


You could see a troll.

Vanquished Creatures
  Erica (D:8)
  A two-headed ogre (D:11)
  A cyclops (D:11)
  A gargoyle (D:11)
  An unseen horror (D:11)
  3 wyverns (D:8)
  11 yaks
  A steam dragon (D:9)
  An acid dragon (D:10)
  4 wargs (D:11)
  3 water moccasins
  3 sky beasts
  3 orc warriors
  A black bear (D:7)
  5 centaurs
  2 ogres
  2 kobold brigands
  A gnoll sergeant (D:7)
  4 bullfrogs
  2 scorpions
  7 wights
  6 killer bees (D:11)
  2 electric eels (D:11)
  8 howler monkeys
  2 hounds
  A jelly (D:7)
  3 orc priests
  A gnoll bouda (D:7)
  13 orc wizards
  3 iguanas
  Ijyb (D:5)
  14 gnolls
  13 adders
  4 river rats
  A shadow imp (D:5)
  An ufetubus (D:6)
  2 worms (D:4)
  3 dart slugs
  26 orcs
  3 spectral bats (Ossuary)
  11 ball pythons
  5 bats
  3 bat simulacra (Ossuary)
  7 endoplasms
  5 giant cockroaches
  10 gnoll zombies (Ossuary)
  3 goblins
  4 hobgoblins
  4 jackals (D:1)
  19 kobolds
  5 quokkas
  8 frilled lizards
  A goblin simulacrum (Ossuary)
  6 goblin zombies (Ossuary)
  4 hobgoblin zombies (Ossuary)
  3 kobold simulacra (Ossuary)
  5 kobold zombies (Ossuary)
  2 orc zombies (Ossuary)
  14 rats
  4 rat simulacra (Ossuary)
  2 spectral goblins (Ossuary)
  3 spectral kobolds (Ossuary)
  2 spectral rats (Ossuary)
295 creatures vanquished.

Vanquished Creatures (collateral kills)
  A hornet (D:10)
  A shadow (D:10)
  A water moccasin (D:8)
  An orc warrior (D:11)
  An ogre (D:5)
  2 phantoms (D:6)
  A kobold brigand (D:7)
  A bullfrog (D:8)
  A scorpion (D:6)
  2 orc priests
  2 hounds (D:6)
  4 iguanas
  An orc wizard (D:6)
  A mummy (Ossuary)
  A white imp (D:6)
  4 orcs
  2 gnoll zombies (Ossuary)
  4 kobolds (D:7)
  A kobold zombie (Ossuary)
32 creatures vanquished.

Grand Total: 327 creatures vanquished

Notes
Turn   | Place    | Note
-------+----------+-------------------------------------------
     0 | D:1      | Cheops the Naga Ice Elementalist began the quest for the
                  | Orb.
     0 | D:1      | Reached XP level 1. HP: 15/15 MP: 3/3
   204 | D:1      | Reached XP level 2. HP: 13/22 MP: 2/5
   744 | D:1      | Reached XP level 3. HP: 28/28 MP: 5/7
  1197 | D:2      | Learned a level 3 spell: Frozen Ramparts
  1201 | D:2      | Learned a level 3 spell: Ozocubu's Armour
  1289 | D:2      | Reached XP level 4. HP: 26/36 MP: 1/8
  1298 | D:2      | Reached skill level 5 in Ice Magic
  1677 | D:2      | Found a faded altar of an unknown god.
  1924 | D:3      | Reached skill level 1 in Short Blades
  1924 | D:3      | Reached XP level 5. HP: 36/42 MP: 3/9
  1928 | D:3      | Found a glowing drain.
  1978 | Sewer    | Entered a sewer
  2549 | D:3      | Found a broken altar of Ashenzari.
  2566 | D:3      | Reached skill level 6 in Ice Magic
  2566 | D:3      | Reached XP level 6. HP: 38/49 MP: 3/10
  3137 | D:3      | Found a bloodstained altar of Trog.
  3304 | D:3      | Learned a level 4 spell: Summon Ice Beast
  3607 | D:4      | Reached skill level 7 in Ice Magic
  3654 | D:4      | Reached skill level 1 in Summonings
  3899 | D:5      | Entered Level 5 of the Dungeon
  3904 | D:5      | Reached XP level 7. HP: 55/55 MP: 8/11
  4178 | D:5      | Found a blossoming altar of Fedhas.
  4567 | D:5      | Reached skill level 8 in Ice Magic
  4567 | D:5      | Reached XP level 8. HP: 57/62 MP: 12/12
  4583 | D:5      | Noticed Ijyb
  4589 | D:5      | Killed Ijyb
  4847 | D:5      | Found a staircase to the Ecumenical Temple.
  4955 | Temple   | Entered the Ecumenical Temple
  5197 | D:6      | Reached skill level 5 in Summonings
  5300 | D:6      | Reached skill level 9 in Ice Magic
  5428 | D:6      | Found a shadowy altar of Dithmenos.
  5552 | D:6      | Found a basalt altar of Yredelemnul.
  5711 | D:6      | Reached skill level 10 in Ice Magic
  5823 | D:6      | Reached XP level 9. HP: 63/68 MP: 13/13
  5869 | D:6      | Identified the +6 plate armour of Fedhas's Outrage {rN+
                  | Str+5 Int-4}
  6153 | D:7      | Found a sand-covered staircase.
  6162 | Ossuary  | Entered an ossuary
  7145 | D:7      | Reached skill level 11 in Ice Magic
  7594 | D:8      | Found a shimmering altar of Xom.
  7604 | D:8      | Found a shimmering altar of Xom.
  7604 | D:8      | Found a shimmering altar of Xom.
  7609 | D:8      | Found a shimmering altar of Xom.
  7635 | D:8      | Noticed Erica
  7642 | D:8      | Killed Erica
  7643 | D:8      | Reached skill level 12 in Ice Magic
  7745 | D:8      | Reached XP level 10. HP: 75/75 MP: 9/14
  7749 | D:8      | Reached skill level 13 in Ice Magic
  7846 | D:8      | Found a staircase to the Lair.
  8290 | D:8      | Reached skill level 14 in Ice Magic
  8708 | D:8      | Identified the +0 ring mail of Insecurity {Int+3}
  9026 | D:3      | Found a broken altar of Ashenzari.
  9977 | D:2      | Found a faded altar of an unknown god.
 10278 | D:3      | Found a bloodstained altar of Trog.
 10901 | D:5      | Found a blossoming altar of Fedhas.
 11008 | D:5      | Found a staircase to the Ecumenical Temple.
 11425 | D:6      | Found a basalt altar of Yredelemnul.
 11452 | D:6      | Found a shadowy altar of Dithmenos.
 12074 | D:8      | Found a staircase to the Lair.
 12092 | D:8      | Found a shimmering altar of Xom.
 12093 | D:8      | Found a shimmering altar of Xom.
 12093 | D:8      | Found a shimmering altar of Xom.
 12095 | D:8      | Found a shimmering altar of Xom.
 12641 | D:9      | Found Hocwoth's General Store.
 12824 | D:9      | Bought a scroll of identify for 22 gold pieces
 12824 | D:9      | Bought a scroll of noise for 11 gold pieces
 12824 | D:9      | Bought a scroll of fear for 44 gold pieces
 12824 | D:9      | Bought 7 stones for 7 gold pieces
 12824 | D:9      | Bought 3 scrolls of teleportation for 99 gold pieces
 12824 | D:9      | Bought a potion of mutation for 88 gold pieces
 13008 | D:9      | Found a glowing golden altar of the Shining One.
 13009 | D:9      | Found a burning altar of Makhleb.
 13045 | D:9      | Noticed a brown ugly thing
 13057 | D:9      | Noticed a tengu warrior
 13065 | D:9      | Noticed a green ugly thing
 13066 | D:9      | Noticed a cyclops
 13519 | D:10     | Entered Level 10 of the Dungeon
 13601 | D:10     | Found Neciam's Vocational Training.
 13888 | D:10     | Found a snail-covered altar of Cheibriados.
 13933 | D:10     | Became a worshipper of Cheibriados the Contemplative
 13964 | D:10     | Reached skill level 15 in Ice Magic
 14067 | D:10     | Reached skill level 1 in Fighting
 14067 | D:10     | Reached XP level 11. HP: 64/84 MP: 6/15
 14202 | D:10     | Paralysed by a hornet for 1 turns
 14539 | D:10     | Found an ornate altar of the Wu Jian Council.
 14708 | D:10     | Found an opulent altar of Gozag.
 14858 | D:11     | Found a staircase to the Orcish Mines.
 14864 | D:11     | Noticed a cyclops
 14868 | D:11     | Reached * piety under Cheibriados
 14869 | D:11     | Reached skill level 5 in Invocations
 14876 | D:11     | HP: 2/84 [cyclops (19)]
 14885 | D:11     | Killed a cyclops
 15090 | D:11     | Noticed a two-headed ogre
 15099 | D:11     | Killed a two-headed ogre
 15530 | D:11     | Reached skill level 5 in Short Blades
 15530 | D:11     | Found Tol Rial's Antique Weapon Boutique.
 15760 | D:11     | Reached ** piety under Cheibriados
 15761 | D:11     | Reached skill level 1 in Evocations
 15936 | D:11     | HP: 4/84 [troll (6)]
 15938 | D:11     | HP: 1/84 [troll (1)]
 15938 | D:11     | Slain by a troll

Illustrated notes

Levels and vault maps discovered:
D:1:      lightli_arrival_quake, layout_loops_ring, minmay_tromino_i2
D:2:      layout_rooms, shapermc_ecumenical_altar_acropolis
D:3:      layout_loops_ring, trog_three_pillars_becter,
          mainiacjoe_overflow_24_doors, lightli_sewer_entry_pipes
D:4:      layout_basic
D:5:      layout_rooms, fedhas_altar_3, minmay_temple_entry_glassed_door,
          uniq_ijyb
D:6:      layout_loops_ring, yredelemnul_altar_generic, grunt_dithmenos_shadows
D:7:      layout_basic, enter_ossuary_1
D:8:      layout_gridville, xom_redecorated, minmay_lair_entry_grove, uniq_erica
D:9:      layout_rooms, mainiacjoe_overflow_divided_tiny, serial_shops, shop,
          onia_ninara_dug_in_and_dangerous
D:10:     layout_small_grid, kennysheep_slug_shrine, nzn_wu_jian_council_hall,
          kennysheep_little_box, nicolae_shop_vocational
D:11:     layout_irregular_city, minmay_orc_entry_guard_dogs, serial_bayou,
          serial_bayou_pond_b, serial_bayou_lagoon_a, serial_bayou_pond_b,
          serial_bayou_pond_d, serial_shops, shop
Temple:   hellmonk_temple_of_storms

Skill      XL: |  1  2  3  4  5  6  7  8  9 10 11 |
---------------+----------------------------------+-----
Spellcasting   | 3 |  3.0
Ice Magic      | 5 6 7 8 10 12 15 | 15.0
Short Blades   | 1 2 4 5 |  5.0
Summonings     | 2 4 5 |  5.0
Fighting       | 1 |  1.1
Invocations    | 7 |  7.0
Evocations     | 1 |  1.4
Dodging        | |  1.5
Stealth        | |  3.0

Action                     |  1- 3 |  4- 6 |  7- 9 | 10-12 || total
---------------------------+-------+-------+-------+-------++-------
  Melee: Flail             |     4 |       |       |       ||     4
         Rapier            |       |    49 |   215 |    57 ||   321
         Dagger            |       |       |    17 |    96 ||   113
   Cast: Freeze            |    30 |   106 |    72 |   119 ||   327
         Frozen Ramparts   |     1 |       |     8 |    16 ||    25
         Summon Ice Beast  |       |     1 |    15 |    13 ||    29
         Ozocubu's Armour  |       |       |     2 |    10 ||    12
 Invoke: Bend Time         |       |       |       |     1 ||     1
Ability: Spit Poison       |     3 |     1 |     8 |     2 ||    14
  Evoke: Wand              |       |       |     3 |     5 ||     8
    Use: Scroll            |       |     9 |     4 |    10 ||    23
         Potion            |       |       |       |     5 ||     5
   Stab: Sleeping          |       |     2 |     6 |     1 ||     9
         Distracted        |       |       |       |     1 ||     1
 Armour: Robe              |     3 |    62 |   171 |    59 ||   295
         Steam dragon scal |       |       |       |   110 ||   110
         Ring mail         |       |       |       |     3 ||     3
  Dodge: Dodged            |    15 |    38 |   107 |   118 ||   278
